 Dungeon Crawl Stone Soup version 0.18-a0-1677-g2bdad6c (webtiles) character file.

163 Woebin the Covered (level 5, -5/46 HPs)
             Began as a Hill Orc Fighter on Apr 2, 2016.
             Slain by Crazy Yiuf
             ... wielding a +2 quarterstaff of chaos
              (13 damage)
             ... on level 3 of the Dungeon.
             The game lasted 00:05:27 (2055 turns).

Woebin the Covered (Hill Orc Fighter)               Turns: 2055, Time: 00:05:28

Health: -5/46      AC:  7    Str: 25    XL:     5   Next: 44%
Magic:  5/5        EV:  8    Int:  8    God:
Gold:   159        SH: 10    Dex: 10    Spells: 0 memorised, 4 levels left

rFire  . . .     SeeInvis .     a - +0 war axe
rCold  . . .     Gourm    .     b - +0 scale mail
rNeg   . . .     Faith    .     c - +0 shield
rPois  .         Spirit   .     (no helmet)
rElec  .         Dismiss  .     (no cloak)
rCorr  .         Reflect  .     (no gloves)
SustAt .         Harm     .     (no boots)
MR     .....                    (no amulet)
Stlth  ..........               (no ring)
                                (no ring)

@: mighty, lethally poisoned (-5 -> -17), not resistant to hostile enchantments,
extremely unstealthy
A: no striking features
a: no special abilities


You were on level 3 of the Dungeon.
You were hungry.

You visited 1 branch of the dungeon, and saw 3 of its levels.

You collected 159 gold pieces.

Inventory:

Hand Weapons
 a - a +0 war axe (weapon)
Armour
 b - a +0 scale mail (worn)
 c - a +0 shield (worn)
Scrolls
 e - a scroll of fear {unknown}
 g - 2 scrolls of enchant armour {unknown}
 i - a scroll of enchant weapon {unknown}
 j - 2 scrolls of fog {unknown}
 k - 2 scrolls of identify {unknown}
 m - a scroll of teleportation {unknown}
 p - a scroll of immolation {unknown}
 q - 2 scrolls of remove curse {unknown}
Potions
 d - a potion of might
 l - a potion of magic {unknown}
 o - a potion of heal wounds {unknown}
 r - a potion of flight {unknown}
 s - a potion of cure mutation {unknown}
 t - a potion of curing {unknown}
 u - a potion of lignification {unknown}
Books
 n - a book of Spatial Translocations

   Spells                             Type                      Level
   a - Apportation                    Translocation                1
   b - Blink                          Translocation                2
   c - Shroud of Golubria             Charms/Translocation         2
   d - Portal Projectile              Translocation                3
   e - Teleport Other                 Translocation                3
   f - Passage of Golubria            Translocation                4
Comestibles
 f - a bread ration
 h - 2 royal jellies


   Skills:
 + Level 4.3 Fighting
 + Level 3.5 Axes
 + Level 4.5 Armour
 + Level 1.2 Dodging
 + Level 0.6 Stealth
 + Level 4.2 Shields


You had 4 spell levels left.
You didn't know any spells.

Dungeon Overview and Level Annotations

Branches:
Dungeon (3/15)

Altars:

Annotations:
D:3 Crazy Yiuf


Message History

You block Crazy Yiuf's attack.
You closely miss Crazy Yiuf.
Crazy Yiuf is moderately wounded.
You feel sick.
Crazy Yiuf hits you with a quarterstaff of chaos!
* * * LOW HITPOINT WARNING * * *
Drink which item? (? for menu, Esc to quit)
You feel very mighty all of a sudden.
* * * LOW HITPOINT WARNING * * *
You feel sick. Crazy Yiuf hits you but does no damage.
You hit Crazy Yiuf.
Crazy Yiuf is heavily wounded.
* * * LOW HITPOINT WARNING * * *
You feel sick. You block Crazy Yiuf's attack.
Your shield and scale mail prevent you from hitting Crazy Yiuf.
Crazy Yiuf is heavily wounded.
* * * LOW HITPOINT WARNING * * *
You feel sick.
Crazy Yiuf hits you with a quarterstaff of chaos!
You die...

#.........##.................
#.........###................
#............................
#...#########################
#...# #.### #..###♣♣ ###
##..#..♣♣ ♣♣#..)#
#......♣♣♣♣@g...#
##......♣..♣#...# ###.P.♣.♣♣♣
### ##♣♣♣♣♣


You could see Crazy Yiuf.

Vanquished Creatures
  Terence (D:2)
  Ijyb (D:2)
  4 gnolls (D:3)
  3 adders
  A worm (D:3)
  3 dart slugs
  An orc (D:3)
  5 bats
  5 giant cockroaches
  3 goblins
  3 hobgoblins (D:1)
  5 kobolds
  A quokka (D:2)
  2 giant newts (D:1)
  6 rats
44 creatures vanquished.

Notes
Turn   | Place    | Note
--------------------------------------------------------------
     0 | D:1      | Woebin the Hill Orc Fighter began the quest for the Orb.
     0 | D:1      | Reached XP level 1. HP: 19/19 MP: 1/1
   186 | D:1      | Reached XP level 2. HP: 27/27 MP: 2/2
   624 | D:2      | Reached XP level 3. HP: 22/33 MP: 3/3
   864 | D:2      | Noticed Ijyb
   875 | D:2      | Killed Ijyb
   885 | D:2      | Reached XP level 4. HP: 27/40 MP: 4/4
  1063 | D:2      | Noticed Terence
  1075 | D:2      | Killed Terence
  1320 | D:3      | Reached skill level 1 in Dodging
  1649 | D:3      | Reached XP level 5. HP: 46/46 MP: 5/5
  2043 | D:3      | Noticed Crazy Yiuf
  2055 | D:3      | Slain by Crazy Yiuf

Vault maps used:
D:1:      dpeg_arrival_rhombi
D:2:      uniq_terence, uniq_iyjb
D:3:      marbit_many_paths, grunt_decor_fettered, interstate_on_off,
          uniq_sigmund, uniq_jessica, uniq_grinder, uniq_crazy_yiuf_cottage

Skill      XL: |  1  2  3  4 |
---------------+-------------+-----
Axes           | 3 |  3.5
Fighting       | 4 |  4.3
Armour         | 4 |  4.5
Dodging        | 1 |  1.2
Shields        | 4 |  4.2
Stealth        | |  0.6

Action                   |  1- 3 |  4- 6 || total
-------------------------+-------+-------++-------
Melee: War axe           |    76 |    91 ||   167
Throw: Throwing net      |     6 |     2 ||     8
  Use: Potion            |       |     1 ||     1
 Stab: Held in net/web   |     1 |       ||     1
  Eat: Chunk             |       |     3 ||     3
